PCL
LAS VEGAS 51S @ ALBUQUERQUE ISOTOPES
05/09/2099
 
TOP OF THE 1ST
Las Vegas 51s batting - Pitching for Albuquerque Isotopes : RHP Jake Lutz
Pitching: RHP Jake Lutz
Batting: LHB Brandon Corter 0-0: Ball
1-0: Ball
2-0: Ball
3-0: Base on Balls
Batting: LHB David Thomas 0-0: Ball
Brandon Corter steals 2nd base
1-0: Ball
2-0: Foul Ball, location: 9LDF
2-1: Ground out 3-1 (Groundball, 34, EV 108.1 MPH)
Brandon Corter to third
Batting: SHB Dave Noriega 0-0: Ball
1-0: Swinging Strike
1-1: Ball
2-1: Swinging Strike
2-2: Ball
3-2: Foul Ball, location: 2F
3-2: Base on Balls
Batting: LHB Jared Fetzer 0-0: Foul Ball, location: 3SF
0-1: Ball
1-1: Called Strike
1-2: Fly out, F8 (Flyball, 89M, EV 85.6 MPH)
Runner from 3rd tags up, SCORES, throw by CF
Batting: RHB Omar Munoz 0-0: Ball
1-0: Fielders Choice at 2nd, 5-4 (Groundball, 56, EV 100.0 MPH)
Top of the 1st over - 1 run, 0 hits, 0 errors, 1 left on base; Las Vegas 1 - Albuquerque 0
BOTTOM OF THE 1ST
Albuquerque Isotopes batting - Pitching for Las Vegas 51s : RHP Brian Craig
Pitching: RHP Brian Craig
Batting: RHB Bill Larimer 0-0: Ball
1-0: Ball
2-0: Called Strike
2-1: Called Strike
2-2: Ball
3-2: Base on Balls
Batting: RHB Hector Gonzales 0-0: Ball
1-0: Ball
Bill Larimer steals 2nd base
2-0: Called Strike
2-1: Ground out 6-3 (Groundball, 6S, EV 91.9 MPH)
Bill Larimer to third
Batting: RHB Hugo Sanchez 0-0: Called Strike
0-1: Ball
1-1: Foul Ball, location: 2F
1-2: Foul Ball, location: 3FF
1-2: Ball
2-2: Ball
3-2: Ground out 5-3 (Groundball, 5, EV 92.5 MPH)
Batting: SHB Jon Coverly 0-0: Ball
1-0: DOUBLE (Flyball, 89XD, EV 111.9 MPH)
Bill Larimer scores
Batting: LHB Gerardo de Leon 0-0: Called Strike
0-1: Ball
1-1: Ball
Wild Pitch!
Jon Coverly to third
2-1: Fly out, F7 (Flyball, 78S, EV 89.4 MPH)
Bottom of the 1st over - 1 run, 1 hit, 0 errors, 1 left on base; Las Vegas 1 - Albuquerque 1
TOP OF THE 2ND
Las Vegas 51s batting - Pitching for Albuquerque Isotopes : RHP Jake Lutz
Batting: RHB Mike Sigal 0-0: Called Strike
0-1: Ball
1-1: Swinging Strike
1-2: Foul Ball, location: 2F
1-2: Foul Ball, location: 2F
1-2: Strikes out swinging
Batting: LHB Chris Sims 0-0: Called Strike
0-1: Called Strike
0-2: Ball
1-2: Ball
2-2: Ground out 1-3 (Groundball, 13, EV 70.6 MPH)
Batting: RHB Yutaka Higashi 0-0: Foul Ball, location: 5FF
0-1: Foul Ball, location: 9LMF
0-2: Ball
1-2: Ball
2-2: Fly out, F6 (Popup, 56D, EV 70.0 MPH)
Top of the 2nd over - 0 runs, 0 hits, 0 errors, 0 left on base; Las Vegas 1 - Albuquerque 1
BOTTOM OF THE 2ND
Albuquerque Isotopes batting - Pitching for Las Vegas 51s : RHP Brian Craig
Batting: RHB Josh Peterson 0-0: Ball
1-0: Ball
2-0: Foul Ball, location: 5F
2-1: Ball
3-1: Ground out 6-3 (Groundball, 6, EV 86.9 MPH)
Batting: LHB Dan McRae 0-0: Ball
1-0: Ball
2-0: Called Strike
2-1: Foul Ball, location: 2F
2-2: Foul Ball, location: 2F
2-2: Fly out, F8 (Flyball, 8RD, EV 94.4 MPH)
Batting: RHB Pedro Chamaua 0-0: Ball
1-0: Foul Ball, location: 9LSF
1-1: Ball
2-1: Called Strike
2-2: Ball
3-2: Strikes out swinging
Bottom of the 2nd over - 0 runs, 0 hits, 0 errors, 0 left on base; Las Vegas 1 - Albuquerque 1
TOP OF THE 3RD
Las Vegas 51s batting - Pitching for Albuquerque Isotopes : RHP Jake Lutz
Batting: RHB Armando Pereyra 0-0: SINGLE (Line Drive, 4MD, EV 110.6 MPH)
Batting: LHB Brandon Corter 0-0: SINGLE (Line Drive, 78M, EV 91.3 MPH)
Armando Pereyra to second
Batting: LHB David Thomas 0-0: Ball
1-0: Called Strike
1-1: Ball
2-1: Swinging Strike
2-2: Fielders Choice at 2nd, 6-4 (Groundball, 6M, EV 87.5 MPH)
Armando Pereyra to third
Batting: SHB Dave Noriega 0-0: Ball
1-0: Called Strike
David Thomas is caught stealing 2nd base 2-6
1-1: Foul Ball, location: 3F
1-2: Ground out 5-3 (Groundball, 5S, EV 83.1 MPH)
Top of the 3rd over - 0 runs, 2 hits, 0 errors, 1 left on base; Las Vegas 1 - Albuquerque 1
BOTTOM OF THE 3RD
Albuquerque Isotopes batting - Pitching for Las Vegas 51s : RHP Brian Craig
Batting: LHB Cheh Luo 0-0: Ball
1-0: Called Strike
1-1: Ball
2-1: Fly out, F7 (Flyball, 7, EV 85.0 MPH)
Batting: RHB Bill Larimer 0-0: Ball
1-0: Ball
2-0: Ball
3-0: Called Strike
3-1: Foul Ball, location: 2F
3-2: Strikes out swinging
Batting: RHB Hector Gonzales 0-0: Ball
1-0: Ground out 3-1 (Groundball, 34S, EV 82.5 MPH)
Bottom of the 3rd over - 0 runs, 0 hits, 0 errors, 0 left on base; Las Vegas 1 - Albuquerque 1
TOP OF THE 4TH
Las Vegas 51s batting - Pitching for Albuquerque Isotopes : RHP Jake Lutz
Batting: LHB Jared Fetzer 0-0: Fly out, F5 (Popup, 5L, EV 64.4 MPH)
Batting: RHB Omar Munoz 0-0: Ball
1-0: Ball
2-0: Foul Ball, location: 3F
2-1: Foul Ball, location: 2F
2-2: Ball
3-2: Strikes out looking
Batting: RHB Mike Sigal 0-0: Ball
1-0: Swinging Strike
1-1: Swinging Strike
1-2: Ball
2-2: Strikes out swinging
Top of the 4th over - 0 runs, 0 hits, 0 errors, 0 left on base; Las Vegas 1 - Albuquerque 1
BOTTOM OF THE 4TH
Albuquerque Isotopes batting - Pitching for Las Vegas 51s : RHP Brian Craig
Batting: RHB Hugo Sanchez 0-0: Called Strike
0-1: Swinging Strike
0-2: Ball
1-2: Strikes out swinging
Batting: SHB Jon Coverly 0-0: Ball
1-0: Ball
2-0: Ball
3-0: Called Strike
3-1: Base on Balls
Batting: LHB Gerardo de Leon 0-0: Ball
1-0: Called Strike
1-1: TRIPLE (Flyball, 78XD, EV 92.5 MPH)
Jon Coverly scores
Batting: RHB Josh Peterson 0-0: Ball
1-0: Swinging Strike
1-1: Swinging Strike
1-2: Foul Ball, location: 3F
1-2: Ball
2-2: Strikes out swinging
Batting: LHB Dan McRae 0-0: Ball
1-0: Swinging Strike
1-1: Ground out U3 (Groundball, 34D, EV 108.1 MPH)
Bottom of the 4th over - 1 run, 1 hit, 0 errors, 1 left on base; Las Vegas 1 - Albuquerque 2
TOP OF THE 5TH
Las Vegas 51s batting - Pitching for Albuquerque Isotopes : RHP Jake Lutz
Batting: LHB Chris Sims 0-0: Called Strike
0-1: Ball
1-1: SOLO HOME RUN (Flyball, 9LD, EV 95.0 MPH), Distance : 362 ft
Batting: RHB Yutaka Higashi 0-0: Ball
1-0: Ball
2-0: Foul Ball, location: 2F
2-1: Called Strike
2-2: Strikes out looking
Batting: RHB Armando Pereyra 0-0: Called Strike
0-1: Called Strike
0-2: Foul Ball, location: 5SF
0-2: Foul Ball, location: 25FF
0-2: SINGLE (Groundball, 56, EV 95.6 MPH)
Batting: LHB Brandon Corter 0-0: Foul Ball, location: 5DF
0-1: SINGLE (Groundball, 3D, EV 101.3 MPH) (infield hit)
Armando Pereyra to second
Batting: LHB David Thomas 0-0: Foul Ball, location: 2RF
0-1: Ball
1-1: Foul Ball, location: 3FF
1-2: Foul Ball, location: 7LMF
1-2: Ball
2-2: Ball
3-2: DOUBLE (Flyball, 8RXD, EV 98.8 MPH)
Armando Pereyra scores
Brandon Corter to third
Runner from 3rd tries for Home, SAFE, no throw by CF
Batting: SHB Dave Noriega 0-0: Ball
1-0: Swinging Strike
1-1: Swinging Strike
1-2: Strikes out swinging
Batting: LHB Jared Fetzer 0-0: Foul Ball, location: 3F
0-1: SINGLE (Popup, 6MD, EV 46.3 MPH)
David Thomas to third
Runner from 3rd tries for Home, SAFE, throw by SS to home
Pitching: RHP Dave Vallee
Batting: RHB Omar Munoz 0-0: Called Strike
Jared Fetzer steals 2nd base
0-1: DOUBLE (Flyball, 8RXD, EV 96.3 MPH)
Jared Fetzer scores
Batting: RHB Mike Sigal 0-0: Called Strike
0-1: Ball
1-1: Foul Ball, location: 2F
1-2: Strikes out swinging
Top of the 5th over - 5 runs, 6 hits, 0 errors, 1 left on base; Las Vegas 6 - Albuquerque 2
BOTTOM OF THE 5TH
Albuquerque Isotopes batting - Pitching for Las Vegas 51s : RHP Brian Craig
Batting: RHB Pedro Chamaua 0-0: Called Strike
0-1: Ball
1-1: Ball
2-1: Ball
3-1: Base on Balls
Batting: LHB Cheh Luo 0-0: Ball
1-0: DOUBLE (Flyball, 7LD, EV 106.3 MPH)
Pedro Chamaua to third
Batting: RHB Bill Larimer 0-0: Called Strike
0-1: Ball
1-1: Ground out U3 (Groundball, 34, EV 102.5 MPH)
Batting: RHB Hector Gonzales 0-0: Ball
1-0: Ball
2-0: Ball
3-0: Called Strike
3-1: Called Strike
3-2: Foul Ball, location: 2F
3-2: DOUBLE (Line Drive, 78D, EV 102.5 MPH)
Pedro Chamaua scores
Cheh Luo scores
Batting: RHB Hugo Sanchez 0-0: DOUBLE (Line Drive, 5D, EV 97.5 MPH)
Hector Gonzales scores
Batting: SHB Jon Coverly 0-0: Foul Ball, location: 5DF
0-1: Ball
1-1: Ground out 4-3 (Groundball, 4, EV 86.3 MPH)
Hugo Sanchez to third
Batting: LHB Gerardo de Leon 0-0: Foul Ball, location: 2F
0-1: Called Strike
0-2: Foul Ball, location: 2LF
0-2: SINGLE (Line Drive, 89M, EV 92.5 MPH)
Hugo Sanchez scores
Batting: RHB Josh Peterson 0-0: Foul Ball, location: 23F
0-1: Ball
1-1: Called Strike
1-2: Foul Ball, location: 2F
1-2: Strikes out swinging
Bottom of the 5th over - 4 runs, 4 hits, 0 errors, 1 left on base; Las Vegas 6 - Albuquerque 6
TOP OF THE 6TH
Las Vegas 51s batting - Pitching for Albuquerque Isotopes : RHP Dave Vallee
Batting: LHB Chris Sims 0-0: Called Strike
0-1: Swinging Strike
0-2: Ball
1-2: Foul Ball, location: 25F
1-2: Ball
2-2: Foul Ball, location: 2F
2-2: Strikes out looking
Batting: RHB Yutaka Higashi 0-0: Swinging Strike
0-1: Called Strike
0-2: Ball
1-2: Strikes out swinging
Batting: RHB Armando Pereyra 0-0: Ball
1-0: DOUBLE (Line Drive, 78D, EV 108.8 MPH)
Batting: LHB Brandon Corter 0-0: Ball
1-0: Ball
2-0: SINGLE (Line Drive, 89S, EV 109.4 MPH)
Armando Pereyra to third
Runner from 3rd tries for Home, SAFE, throw by RF to home
Batting: LHB David Thomas 0-0: Called Strike
0-1: Ball
1-1: Ground out 6-3 (Groundball, 6MD, EV 102.5 MPH)
Top of the 6th over - 1 run, 2 hits, 0 errors, 1 left on base; Las Vegas 7 - Albuquerque 6
BOTTOM OF THE 6TH
Albuquerque Isotopes batting - Pitching for Las Vegas 51s : RHP Brian Craig
Batting: LHB Dan McRae 0-0: Ball
1-0: SINGLE (Groundball, 6MD, EV 108.1 MPH) (infield hit)
Batting: RHB Pedro Chamaua 0-0: Sac Bunt to 2R - play at first, batter OUT! 2-3
Dan McRae to second
Batting: LHB Cheh Luo 0-0: Called Strike
Dan McRae steals 3rd, throwing error, E2
Dan McRae to third
0-1: Ball
1-1: Called Strike
1-2: Foul Ball, location: 2F
1-2: Foul Ball, location: 5F
1-2: Ball
2-2: Strikes out swinging
Batting: RHB Bill Larimer 0-0: Called Strike
0-1: Ball
1-1: Ball
2-1: Ball
3-1: Base on Balls
Batting: RHB Hector Gonzales 0-0: Ball
1-0: Ground out 6-3 (Groundball, 6S, EV 63.8 MPH)
Bottom of the 6th over - 0 runs, 1 hit, 1 error, 2 left on base; Las Vegas 7 - Albuquerque 6
TOP OF THE 7TH
Las Vegas 51s batting - Pitching for Albuquerque Isotopes : RHP Dave Vallee
Pitching: LHP Chris Alexander
Batting: SHB Dave Noriega 0-0: Called Strike
0-1: Ball
1-1: Swinging Strike
1-2: Foul Ball, location: 5F
1-2: Strikes out swinging
Batting: LHB Jared Fetzer 0-0: Ball
1-0: Called Strike
1-1: Ball
2-1: Called Strike
2-2: Strikes out swinging
Batting: RHB Omar Munoz 0-0: Foul Ball, location: 2F
0-1: Ball
1-1: Fly out, F8 (Flyball, 8RM, EV 90.0 MPH)
Top of the 7th over - 0 runs, 0 hits, 0 errors, 0 left on base; Las Vegas 7 - Albuquerque 6
BOTTOM OF THE 7TH
Albuquerque Isotopes batting - Pitching for Las Vegas 51s : RHP Brian Craig
Batting: RHB Hugo Sanchez 0-0: Ground out 5-3 (Groundball, 5S, EV 80.6 MPH)
Batting: SHB Jon Coverly 0-0: Ball
1-0: Swinging Strike
1-1: Ball
2-1: Foul Ball, location: 7LDF
2-2: Ball
3-2: Base on Balls
Pitching: LHP Nick Ortega
Batting: LHB Gerardo de Leon
Pinch Hitting: RHB Joey Lowery 0-0: SINGLE (Line Drive, 7S, EV 94.4 MPH)
Jon Coverly to second
Pitching: RHP Sam Emberton
Batting: RHB Josh Peterson 0-0: Ball
1-0: Foul Ball, location: 3SF
1-1: SINGLE (Groundball, 34D, EV 103.8 MPH)
Jon Coverly to third
Joey Lowery to second
Runner from 3rd tries for Home, SAFE, throw by RF to home
Batting: LHB Dan McRae 0-0: Called Strike
0-1: Ball
Wild Pitch!
Joey Lowery to third
Josh Peterson to second
1-1: Called Strike
1-2: Strikes out swinging
Pinch Hitting: SHB Jorge Carrea 0-0: Foul Ball, location: 2F
0-1: Fly out, F7 (Flyball, 78M, EV 97.5 MPH)
Bottom of the 7th over - 1 run, 2 hits, 0 errors, 2 left on base; Las Vegas 7 - Albuquerque 7
TOP OF THE 8TH
Las Vegas 51s batting - Pitching for Albuquerque Isotopes : LHP Chris Alexander
Now at 1B: Jorge Carrea
Now at 2B: Hugo Sanchez
Now at 3B: Hector Gonzales
Now at SS: Dan McRae
Now in CF: Chris Church
Batting: RHB Mike Sigal 0-0: Ball
1-0: Foul Ball, location: 5SF
1-1: Swinging Strike
1-2: Foul Ball, location: 25F
1-2: Strikes out looking
Pinch Hitting: RHB Joseph Burgess 0-0: Ball
1-0: Foul Ball, location: 3FF
1-1: Ball
2-1: SINGLE (Line Drive, 89M, EV 105.0 MPH)
Batting: RHB Yutaka Higashi 0-0: Called Strike
0-1: Ball
1-1: Foul Ball, location: 9LSF
1-2: Ball
2-2: Ball
3-2: Fly out, F7 (Flyball, 7D, EV 90.0 MPH)
Batting: RHB Armando Pereyra 0-0: Swinging Strike
0-1: Foul Ball, location: 3SF
0-2: Ball
1-2: Foul Ball, location: 2F
1-2: Foul Ball, location: 25FF
1-2: Ball
2-2: Strikes out swinging
Top of the 8th over - 0 runs, 1 hit, 0 errors, 1 left on base; Las Vegas 7 - Albuquerque 7
BOTTOM OF THE 8TH
Albuquerque Isotopes batting - Pitching for Las Vegas 51s : RHP Sam Emberton
Now at 2B: Brandon Corter
Now at SS: Tom Garrison
Batting: LHB Cheh Luo 0-0: Fly out, F8 (Line Drive, 8LM, EV 96.9 MPH)
Batting: RHB Bill Larimer 0-0: Ball
1-0: Called Strike
1-1: Ball
2-1: Foul Ball, location: 2F
2-2: Fly out, F8 (Flyball, 89D, EV 106.3 MPH)
Batting: RHB Hector Gonzales 0-0: Called Strike
0-1: Foul Ball, location: 9LDF
0-2: Ball
1-2: Ball
2-2: SINGLE (Flyball, 89S, EV 84.4 MPH)
Batting: RHB Hugo Sanchez 0-0: Called Strike
0-1: Ball
Hector Gonzales steals 2nd base
1-1: Called Strike
1-2: Strikes out swinging
Bottom of the 8th over - 0 runs, 1 hit, 0 errors, 1 left on base; Las Vegas 7 - Albuquerque 7
TOP OF THE 9TH
Las Vegas 51s batting - Pitching for Albuquerque Isotopes : LHP Chris Alexander
Batting: LHB Brandon Corter 0-0: Ball
1-0: Called Strike
1-1: Fly out, F8 (Flyball, 8LD, EV 86.9 MPH)
Pinch Hitting: RHB Edwin de Santiago 0-0: Ball
1-0: Ball
2-0: Ball
3-0: Foul Ball, location: 2F
3-1: Base on Balls
Batting: SHB Dave Noriega 0-0: Ball
1-0: Called Strike
1-1: Ball
2-1: Swinging Strike
2-2: Ball
3-2: Foul Ball, location: 2F
3-2: Base on Balls
Edwin de Santiago to second
Batting: LHB Jared Fetzer 0-0: Grounds into double play, 4-6-3 (Groundball, 4, EV 78.8 MPH)
Top of the 9th over - 0 runs, 0 hits, 0 errors, 1 left on base; Las Vegas 7 - Albuquerque 7
BOTTOM OF THE 9TH
Albuquerque Isotopes batting - Pitching for Las Vegas 51s : RHP Sam Emberton
Now in CF: Jared Fetzer
Now in RF: Edwin de Santiago
Batting: SHB Jon Coverly 0-0: Called Strike
0-1: Ground out 3-1 (Groundball, 34, EV 81.3 MPH)
Batting: RHB Chris Church 0-0: Ball
1-0: Ball
2-0: Foul Ball, location: 3F
2-1: Swinging Strike
2-2: Strikes out looking
Batting: RHB Josh Peterson 0-0: Called Strike
0-1: Called Strike
0-2: Ball
1-2: Fly out, F7 (Flyball, 7LS, EV 79.4 MPH)
Bottom of the 9th over - 0 runs, 0 hits, 0 errors, 0 left on base; Las Vegas 7 - Albuquerque 7
TOP OF THE 10TH
Las Vegas 51s batting - Pitching for Albuquerque Isotopes : LHP Chris Alexander
Jared Fetzer starts the inning at 2nd base.
Pitching: LHP Allen Oliver
Batting: RHB Omar Munoz 0-0: Called Strike
0-1: Ball
1-1: Called Strike
1-2: Ball
2-2: Ground out 6-3 (Groundball, 6M, EV 86.3 MPH)
Batting: RHB Mike Sigal 0-0: Intentional Walk
Batting: SHB Tom Garrison 0-0: Swinging Strike
0-1: Swinging Strike
0-2: Ball
1-2: Fly out, F8 (Flyball, 8LD, EV 108.8 MPH)
Batting: RHB Yutaka Higashi 0-0: Swinging Strike
0-1: Ball
1-1: Foul Ball, location: 2F
1-2: Ground out 5-3 (Groundball, 56S, EV 78.8 MPH)
Top of the 10th over - 0 runs, 0 hits, 0 errors, 2 left on base; Las Vegas 7 - Albuquerque 7
BOTTOM OF THE 10TH
Albuquerque Isotopes batting - Pitching for Las Vegas 51s : RHP Sam Emberton
Josh Peterson starts the inning at 2nd base.
Batting: LHB Dan McRae 0-0: Ball
1-0: Bunted foul
1-1: Bunt missed!
1-2: Ball
2-2: Ground out U3 (Groundball, 3S, EV 82.5 MPH)
Josh Peterson to third
Batting: SHB Jorge Carrea 0-0: Intentional Walk
Pinch Hitting: RHB Ramon Vazquez 0-0: Fielders Choice attempt at home, Runner SAFE. 6-2 (Groundball, 6, EV 93.1 MPH)
Bottom of the 10th over - 1 run, 0 hits, 0 errors, 1 left on base; Las Vegas 7 - Albuquerque 8
Sunday, May 5th , 2024 - OOTP Baseball 24.11 Build 85